 Dungeon Crawl Stone Soup version 0.31.0-11-ge490571c62 (webtiles) character file.

Game seed: 11173057083126621507

1355 Arctor the Magician (level 8, -7/41 HPs)
             Began as a Deep Elf Fire Elementalist on Feb 4, 2024.
             Mangled by a black bear (9 damage)
             ... on level 6 of the Dungeon.
             The game lasted 00:06:02 (6369 turns).

Arctor the Magician (Deep Elf Fire Elementalist)    Turns: 6369, Time: 00:06:03

Health: -7/41      AC:  2    Str:  5    XL:     8   Next: 37%
Magic:  1/19       EV: 14    Int: 23    God:
Gold:   167        SH:  0    Dex: 15    Spells: 13/20 levels left

rFire   . . .        (no weapon)
rCold   . . .        (no shield)
rNeg    . . .        a - +0 robe
rPois   .            (no helmet)
rElec   .            (no cloak)
rCorr   .            (no gloves)
SInv    .            (no boots)
Will    .....        (no amulet)
Stlth   +++          (no ring)
HPRegen 0.26/turn    (no ring)
MPRegen 0.16/turn

%: no passive effects
@: no status effects
A: no striking features
a: no special abilities


You were on level 6 of the Dungeon.
You visited 1 branch of the dungeon, and saw 6 of its levels.

You collected 167 gold pieces.

Inventory:

Missiles
 m - 14 poisoned darts
Armour
 a - a +0 robe (worn)
Scrolls
 d - a scroll of poison
 i - a scroll of amnesia
 j - a scroll of torment
 k - a scroll of summoning
 l - 3 scrolls of teleportation
Potions
 b - a potion of magic
 c - a potion of attraction {unknown}
 e - a potion of degeneration {unknown}
 f - 3 potions of cancellation {unknown}
 g - 2 potions of curing {unknown}
 h - a potion of heal wounds {unknown}
 o - a potion of mutation {unknown}


   Skills:
 + Level 5.9 Dodging
 + Level 6.4 Stealth
 + Level 6.6 Spellcasting
 + Level 5.0 Conjurations
 + Level 6.0 Fire Magic


You had 13 spell levels left.
You knew the following spells:

 Your Spells              Type           Power      Damage    Failure   Level
a - Foxfire               Conj/Fire      100%       2x1d9     1%          1
b - Scorch                Fire           70%        2d7       1%          2
c - Flame Wave            Conj/Fire      33%        2d10      9%          4

Your spell library contained the following spells:

 Spells                   Type           Power      Damage    Failure   Level
 Inner Flame              Hex/Fire       21%        N/A       7%          3
 Volatile Blastmotes      Fire/Tloc      42%        2d13      7%          3


Dungeon Overview and Level Annotations

Branches:
Dungeon (6/15)
 Temple: D:4-7

Altars:
Elyvilon
Gozag
Sif Muna

Shops:
D:3 :=   D:4 *   D:5 *


Message History

Unknown command.
The foxfire hits the black bear.
The black bear is severely wounded.
The foxfire hits the black bear.
The black bear is almost dead.
The black bear goes berserk!
Casting: Foxfire (safe; 1% risk of failure)
Confirm with . or Enter, or press ? or * to list all spells.
You conjure some foxfire!
The black bear bites you! The black bear claws you! The black bear misses you.
You open the door.
The foxfire hits the black bear.
The black bear is almost dead.
The black bear barely misses you. The black bear claws you. x2
The black bear bites you!
* * * LOW HITPOINT WARNING * * *
The black bear claws you.
* * * LOW HITPOINT WARNING * * *
The black bear misses you.
The gnoll bouda barks out a call to the hunt!
The gnoll picks up the pace!
Casting: Foxfire (safe; 1% risk of failure)
Confirm with . or Enter, or press ? or * to list all spells.
You conjure some foxfire!
The black bear misses you. The black bear claws you.
* * * LOW HITPOINT WARNING * * *
The black bear claws you.
* * * LOW HITPOINT WARNING * * *
Your foxfire dissipates!
The foxfire hits the black bear.
The black bear is almost dead.
The black bear bites you but does no damage.
The black bear barely misses you. The black bear closely misses you.
There is an open door here.
Unknown command.
The black bear misses you. The black bear claws you.
* * * LOW HITPOINT WARNING * * *
The black bear claws you but does no damage.
Casting: Foxfire (safe; 1% risk of failure)
Confirm with . or Enter, or press ? or * to list all spells.
You conjure some foxfire!
The black bear bites you!
You die...

.# #....# .#
#....# .+ . #..g.#
.# .. +....+ .# #.
#g...# .# #..
#.#### .#
##...##'# .+
#......h# .#
+......@# .#
##....vv+ .#
#......# .#
#......# .#
#......+ .#
#......# .#
+......# .#
#......#
.##########......#


You could see a black bear (berserk, ally target) and a gnoll (swift).

Vanquished Creatures
  Grinder (D:5)
  Sigmund (D:4)
  A sky beast (D:6)
  A black bear (D:5)
  A phantom (D:6)
  A kobold brigand (D:6)
  3 scorpions
  A jelly (D:4)
  4 hounds
  An orc priest (D:5)
  3 iguanas
  Jessica (D:2)
  Natasha (D:2)
  2 orc wizards
  A gnoll (D:6)
  4 adders
  2 white imps
  6 dart slugs
  A ribbon worm (D:5)
  17 orcs
  3 ball pythons
  4 endoplasms
  2 giant cockroaches
  3 hobgoblins
  2 quokkas
  5 bats
  2 frilled lizards (D:3)
  5 goblins
  6 kobolds
85 creatures vanquished.

Vanquished Creatures (others)
  705 foxfires
705 creatures vanquished.

Grand Total: 790 creatures vanquished

Notes
Turn   | Place    | Note
-------+----------+-------------------------------------------
     0 | D:1      | Arctor the Deep Elf Fire Elementalist began the quest for
                  | the Orb.
     0 | D:1      | Reached XP level 1. HP: 10/10 MP: 6/6
   313 | D:1      | You fall into a shaft and drop 1 floor!
   502 | D:2      | Reached XP level 2. HP: 15/15 MP: 1/8
   505 | D:2      | Learned a level 2 spell: Scorch
   891 | D:2      | Identified the +7 hand axe "Ugutoer" {flame, +Blink SInv}
  1091 | D:2      | Noticed Jessica
  1097 | D:2      | Killed Jessica
  1098 | D:2      | Reached XP level 3. HP: 19/19 MP: 2/10
  1841 | D:2      | Noticed Natasha
  1847 | D:2      | Killed Natasha
  1848 | D:2      | Reached XP level 4. HP: 24/24 MP: 4/11
  1967 | D:3      | Found Axamor's Vocational Training.
  2647 | D:3      | Found Eredghos's Jewellery Emporium.
  3111 | D:3      | Found a faded altar of an unknown god.
  3367 | D:4      | Noticed Sigmund
  3374 | D:4      | Killed Sigmund
  3375 | D:4      | Reached XP level 5. HP: 28/28 MP: 7/13
  3375 | D:4      | Reached XP level 6. HP: 32/32 MP: 7/14
  3641 | D:4      | Reached skill level 5 in Spellcasting
  4095 | D:4      | Found Onolulia's Assorted Antiques.
  4486 | D:5      | Entered Level 5 of the Dungeon
  4674 | D:5      | Reached skill level 5 in Stealth
  4674 | D:5      | Reached skill level 5 in Fire Magic
  4674 | D:5      | Reached XP level 7. HP: 36/36 MP: 6/17
  4900 | D:5      | Found an opulent altar of Gozag.
  4901 | D:5      | Found Gozag's Platinum Reserve.
  4928 | D:5      | Noticed Grinder
  4935 | D:5      | Killed Grinder
  4936 | D:5      | Reached skill level 5 in Dodging
  4942 | D:5      | Learned a level 4 spell: Flame Wave
  5133 | D:5      | Reached XP level 8. HP: 22/41 MP: 8/19
  5232 | D:5      | Found a shimmering blue altar of Sif Muna.
  5966 | D:6      | Found a white marble altar of Elyvilon.
  6344 | D:6      | Reached skill level 5 in Conjurations
  6365 | D:6      | HP: 2/41 [black bear (5)]
  6369 | D:6      | Mangled by a black bear

Illustrated notes

Levels and vault maps discovered:
D:1:      dpeg_arrival_rooms_b, layout_basic
D:2:      layout_loops_corners, patterned_corridor, uniq_jessica, uniq_natasha
D:3:      layout_basic, serial_shops, nicolae_shop_waterfront,
          ebering_ecumenical_altar_webs, nicolae_shop_vocational
D:4:      layout_gridville, serial_shops, nicolae_shop_crystal, uniq_sigmund
D:5:      layout_loops_cross, general_overflow_altar,
          nicolae_gozag_zags_fifth_avenue, uniq_grinder
D:6:      layout_gridville, nicolae_ashenzari_panopticon,
          mainiacjoe_overflow_small_starburst

Skill      XL: |  1  2  3  4  5  6  7  8 |
---------------+-------------------------+-----
Stealth        | 3 4 5 6 |  6.4
Dodging        | 3 4 5 |  5.9
Conjurations   | 2 3 4 5 |  5.0
Fire Magic     | 4 5 6 |  6.0
Spellcasting   | 4 5 6 |  6.6

Action                     |  1- 3 |  4- 6 |  7- 9 || total
---------------------------+-------+-------+-------++-------
  Melee: Unarmed           |     1 |       |     8 ||     9
   Cast: Foxfire           |   108 |   178 |   148 ||   434
         Scorch            |     2 |    12 |     8 ||    22
    Use: Scroll            |       |       |     6 ||     6
 Armour: Robe              |     1 |     4 |    34 ||    39
  Dodge: Dodged            |     4 |     5 |    38 ||    47
